 Dungeon Crawl Stone Soup version 0.28-a0-823-gb444dcf96d (webtiles) character file.

Game seed: 14356764305687386747

8773 cheechan the Cleaver (level 11, -2/75 HPs)
             Began as an Octopode Fighter on Nov 9, 2021.
             Was an Initiate of Gozag.
             Killed by divine providence
             ... invoked by an orc priest
              (12 damage)
             ... on level 11 of the Dungeon.
             The game lasted 00:37:23 (7631 turns).

cheechan the Cleaver (Octopode Fighter)             Turns: 7631, Time: 00:37:24

Health: -2/75      AC:  5    Str: 16    XL:     11   Next: 36%
Magic:  11/11      EV: 15    Int: 13    God:    Gozag
Gold:   733        SH:  6    Dex: 10    Spells: 10/10 levels left

rFire   . . .      SeeInvis .   E - +8 war axe "Uraruxting" {vorpal, +Blink Int+2}
rCold   . . .      Faith    .   b - +1 buckler
rNeg    + . .      Spirit   .   (helmet restricted)
rPois   .          Reflect  .   r - amulet of regeneration
rElec   .          Harm     .   d - ring of positive energy
rCorr   .          Rampage  .   h - +4 ring of protection
Will    .....                   (no ring)
Stlth   ++++......              (no ring)
HPRegen 1.22/turn               (no ring)
MPRegen 0.12/turn               (no ring)
                                (no ring)
                                (no ring)

@: silenced (expiring), gold aura
A: almost no armour, amphibious, 8 rings, camouflage 1, gelatinous body 1,
(nimble swimmer 1), tentacles, antennae 1, clumsy 2
a: Renounce Religion, Evoke Blink


You were on level 11 of the Dungeon.
You worshipped Gozag.
Gozag was pleased with you.
You visited 2 branches of the dungeon, and saw 13 of its levels.

You collected 1280 gold pieces.
You paid 547 gold pieces to Gozag.

Inventory:

Hand Weapons
 a - a +1 war axe of protection
 f - a +2 whip of freezing
 m - the +7 mace of the Lamprey {spect, rN+ Dex+3}
   (You found it on level 6 of the Dungeon)

   When its wielder attacks, the weapon's spirit leaps out and strikes again.
   The spirit shares a part of any damage it takes with its wielder.
   Dex:       It affects your dexterity (+3).
   rN:        It protects you from negative energy.
 q - a +0 shortbow
 u - the +4 mace "Seyni" {flame, Str+4}
   (You found it on level 6 of the Dungeon)

   It burns those it strikes, dealing additional fire damage.
   Str:       It affects your strength (+4).
 w - a +3 quarterstaff of chaos
 E - the +8 war axe "Uraruxting" (weapon) {vorpal, +Blink Int+2}
   (You found it on level 11 of the Dungeon)

   It inflicts extra damage upon your enemies.
   Int:       It affects your intelligence (+2).
   +Blink:    It lets you blink.
Missiles
 e - 211 arrows
 g - 79 sling bullets
 k - 62 poisoned darts
 p - 26 bolts
 v - 5 boomerangs
 C - a throwing net
Armour
 b - a +1 buckler (worn)
 y - a +0 tower shield
Jewellery
 d - a ring of positive energy (left tentacle)
 h - a +4 ring of protection (right tentacle)
 o - an amulet of magic regeneration
 r - an amulet of regeneration (around mantle)
Wands
 x - a wand of digging (5)
 D - a wand of mindburst (10)
 G - a wand of flame (13) (quivered)
 H - a wand of iceblast (6)
Scrolls
 c - a scroll of brand weapon
 j - a scroll of enchant armour
 n - a scroll of teleportation
 z - 2 scrolls of noise
 A - 2 scrolls of magic mapping
Potions
 i - a potion of cancellation
 l - 2 potions of brilliance
 s - 3 potions of attraction
 t - 2 potions of haste
 B - 2 potions of flight
 F - a potion of heal wounds {unknown}


   Skills:
 + Level 7.2 Fighting
 + Level 9.5(10.5) Axes
 + Level 7.0(9.3) Maces & Flails
 + Level 2.9 Throwing
 + Level 7.9 Dodging
 + Level 8.6 Stealth
 + Level 5.4 Shields
 + Level 1.0 Evocations


You had 10 spell levels left.
You didn't know any spells.
Your spell library contained the following spells:

 Spells                   Type           Power      Damage    Failure   Level
 Slow                     Hex            0%         N/A       30%         1
 Static Discharge         Conj/Air       0%         N/A       43%         2
 Confusing Touch          Hex            0%         N/A       67%         3
 Stone Arrow              Conj/Erth      0%         3d7       67%         3
 Dispel Undead            Necr           0%         3d6       97%         4
 Sticky Flame             Conj/Fire      0%         2d3       97%         4
 Summon Ice Beast         Ice/Summ       0%         N/A       97%         4
 Fireball                 Conj/Fire      0%         3d3       100%        5
 Iskenderun's Battlesphe  Conj           0%         2d6       100%        5
 Summon Mana Viper        Hex/Summ       0%         N/A       100%        5
 Yara's Violent Unravell  Hex/Tmut       0%         3d3       100%        5
 Conjure Ball Lightning   Conj/Air       0%         3x3d6     100%        6
 Monstrous Menagerie      Summ           0%         N/A       100%        7
 Orb of Destruction       Conj           0%         N/A       100%        7
 Lehudib's Crystal Spear  Conj/Erth      0%         10d2      100%        8
 Animate Armour           Summ/Erth      Unusable   N/A       N/A         4

Dungeon Overview and Level Annotations

Branches:
Dungeon (12/15)            Temple (1/1) D:4
   Lair: D:8-11         Orc: D:9-12

Altars:
Ashenzari
Cheibriados
Dithmenos
Elyvilon
Fedhas
Gozag
Hepliaklqana
Kikubaaqudgha
Makhleb
Nemelex Xobeh
Okawaru
Qazlal
Ru
Sif Muna
Trog
Uskayaw
Vehumet
Wu Jian
Xom
Yredelemnul
Zin
The Shining One

Shops:
D:2 *[([?   D:3 :

Annotations:
D:12 Josephine


Innate Abilities, Weirdness & Mutations

You cannot wear most types of armour.
You are amphibious.
You can wear up to eight rings at the same time.
Your skin changes colour to match your surroundings (Stealth+).
Your rubbery body absorbs attacks. (AC +1, EV +1)
((You are camouflaged near water. (Stealth+)))
You have tentacles for arms and can constrict up to eight enemies at once.
You have a pair of small antennae on your head.
You are very clumsy. (Dex -4)


Message History

A vampire mosquito comes into view.
A komodo dragon comes into view.
The troll barely misses you. The troll misses you. The troll claws you.
You slash the troll!
The troll is moderately wounded.
The troll completely misses you. The troll claws you! x2
You closely miss the troll.
The troll is moderately wounded.
The troll bites you. The troll claws you! The troll closely misses you.
Okay, then.
Magic scrolls do not work when you're silenced!
You block the wyvern's attack.
You hit the wyvern but do no damage. Your squeeze misses the wyvern.
You hit the troll. The wyvern bites you!
The troll bites you but does no damage. The troll barely misses you.
You block the troll's attack.
You slash the wyvern!
The wyvern is moderately wounded.
You hit the troll. The wyvern bites you! x2
* * * LOW HITPOINT WARNING * * *
The troll barely misses you. You block the troll's attack.
The troll closely misses you.
Okay, then.
Magic scrolls do not work when you're silenced!
You slash the wyvern!
The wyvern is almost dead.
You hit the troll. The wyvern closely misses you.
You slash the wyvern!
You kill the wyvern!
You slash the troll! You block the troll's attack.
The troll closely misses you. The troll claws you.
* * * LOW HITPOINT WARNING * * *
You see here 11 gold pieces.
The orc priest looks braver for a moment.
The orc priest mumbles some strange prayers to Beogh against you.
Beogh smites you!
* * * LOW HITPOINT WARNING * * *
The orc priest calls down the wrath of Beogh upon you.
Beogh smites you!
You die...
Your body crumbles into a pile of gold.

.# #.##.##.## .#
#..#o.## .####.### # $
#.#.K...#$ # #.#O.#..#
# $ ##.{.##...# # # {
#T#.## .#.####### #. $
##.#.....#.#...... #.
##@####.###....####
#.#####.###..#..##....#
#.....###..# #..##...#
###.####..# ##..##..#
#?....#..# !###..#..#
######.#.## ..###.#..#
#:......#.# .⌠.(#.#...#
#.#.###.#.###.. ##.#.##
...#..#.# ##..#.#


You could see a two-headed ogre, a kobold demonologist, a troll and an orc
priest.

Vanquished Creatures
  Maggie (D:6)
  A komodo dragon (D:7)
  Psyche (D:10)
  2 trolls
  A wyvern (D:11)
  A water elemental (D:11)
  2 wraiths
  13 yaks
  2 steam dragons
  4 vampire mosquitoes
  A water moccasin (D:7)
  A sky beast (D:6)
  Duvessa (D:4)
  3 ice beasts
  3 orc warriors
  2 ogres (D:5)
  3 centaurs (D:7)
  A phantom (D:6)
  A kobold brigand (D:10)
  A bullfrog (D:8)
  A gnoll sergeant (D:7)
  Dowan (D:4)
  A water moccasin skeleton (D:6)
  4 killer bees (D:10)
  8 wights
  3 howler monkeys (D:7)
  An electric eel (D:11)
  A bullfrog zombie (D:6)
  4 centaur zombies
  5 orc priests
  Crazy Yiuf (D:6)
  5 hounds
  A gnoll shaman (D:6)
  2 bullfrog skeletons
  A centaur skeleton (D:7)
  2 iguanas (D:6)
  5 orc wizards
  Robin (D:2)
  6 adders
  11 gnolls
  A howler monkey skeleton (D:5)
  A white imp (D:6)
  An ufetubus (D:5)
  A dart slug (D:4)
  17 orcs
  3 bats
  9 endoplasms
  3 giant cockroaches
  12 goblins
  7 hobgoblins
  A quokka (D:4)
  4 ball pythons
  2 frilled lizards (D:1)
  3 kobolds
  7 rats
181 creatures vanquished.

Vanquished Creatures (collateral kills)
  A centaur (D:5)
  A phantom (D:6)
  A gnoll (D:6)
3 creatures vanquished.

Vanquished Creatures (others)
  2 gnolls (D:6)
  A goblin (D:2)
  2 plants (D:4)
5 creatures vanquished.

Grand Total: 189 creatures vanquished

Notes
Turn   | Place    | Note
-------+----------+-------------------------------------------
     0 | D:1      | cheechan the Octopode Fighter began the quest for the Orb.
     0 | D:1      | Reached XP level 1. HP: 16/16 MP: 1/1
     3 | D:1      | Noticed an electric eel
    17 | D:1      | Noticed an electric eel
   169 | D:1      | Reached XP level 2. HP: 21/21 MP: 2/2
   278 | D:1      | Reached skill level 1 in Stealth
   384 | D:1      | Found a faded altar of an unknown god.
   744 | D:2      | Reached XP level 3. HP: 18/26 MP: 3/3
   872 | D:2      | Found Usiteoc's Assorted Antiques.
   904 | D:2      | Noticed Robin
   908 | D:2      | Reached XP level 4. HP: 30/31 MP: 4/4
   914 | D:2      | Killed Robin
  1030 | D:2      | Found Qehied's Armour Shoppe.
  1081 | D:2      | Found Mysiov's Armour Shoppe.
  1110 | D:2      | Found Newu Bio's Magic Scroll Boutique.
  1434 | D:2      | Found Jehidgh's Weapon Shop.
  1646 | D:3      | Reached skill level 3 in Axes
  1731 | D:3      | Reached XP level 5. HP: 32/36 MP: 5/5
  1869 | D:3      | Found Fyig's Book Shoppe.
  1976 | D:3      | Reached skill level 4 in Axes
  2029 | D:3      | You fall into a shaft and drop 2 floors!
  2029 | D:5      | Entered Level 5 of the Dungeon
  2029 | D:5      | Noticed a centaur
  2034 | D:5      | Killed a centaur
  2035 | D:5      | Reached XP level 6. HP: 42/43 MP: 6/6
  2309 | D:4      | Reached XP level 7. HP: 48/48 MP: 7/7
  2318 | D:4      | Reached skill level 5 in Axes
  2649 | D:4      | Found a glowing golden altar of the Shining One.
  2734 | D:4      | Noticed Duvessa
  2736 | D:4      | Noticed Dowan
  2742 | D:4      | Killed Duvessa
  2743 | D:4      | Reached skill level 1 in Throwing
  2752 | D:4      | Killed Dowan
  2779 | D:4      | Found a staircase to the Ecumenical Temple.
  2790 | Temple   | Entered the Ecumenical Temple
  2976 | Temple   | Became a worshipper of Gozag Ym Sagoz the Greedy
  3044 | D:4      | Found a large runed translucent door.
  3045 | D:4      | Found a large runed translucent door.
  3060 | D:4      | Found an ancient bone altar of Kikubaaqudgha.
  3079 | D:4      | Found a white marble altar of Elyvilon.
  3350 | D:3      | Reached skill level 6 in Axes
  3350 | D:3      | Reached XP level 8. HP: 53/54 MP: 8/8
  4473 | D:6      | Reached skill level 5 in Dodging
  4517 | D:6      | Reached skill level 7 in Axes
  4517 | D:6      | Reached skill level 5 in Stealth
  4603 | D:6      | Noticed Maggie
  4771 | D:6      | Gained mutation: Your magical capacity is low. (-10% MP)
                  | [potion of mutation]
  4771 | D:6      | Gained mutation: You are dopey. (Int -2) [potion of
                  | mutation]
  4772 | D:6      | Lost mutation: You are dopey. (Int -2) [potion of mutation]
  4772 | D:6      | Lost mutation: Your magical capacity is low. (-10% MP)
                  | [potion of mutation]
  4772 | D:6      | Gained mutation: You are clumsy. (Dex -2) [potion of
                  | mutation]
  4772 | D:6      | Gained mutation: You are very clumsy. (Dex -4) [potion of
                  | mutation]
  4772 | D:6      | Gained mutation: You have a pair of small antennae on your
                  | head. [potion of mutation]
  4795 | D:6      | Reached XP level 9. HP: 59/60 MP: 9/9
  4943 | D:6      | Killed Maggie
  4944 | D:6      | Reached skill level 5 in Fighting
  4944 | D:6      | Reached skill level 8 in Axes
  5069 | D:6      | Identified the +7 mace of the Lamprey {spect, rN+ Dex+3}
  5072 | D:6      | Identified the +4 mace "Seyni" {flame, Str+4}
  5075 | D:6      | Found a runed translucent door.
  5076 | D:6      | Noticed Crazy Yiuf
  5083 | D:6      | Killed Crazy Yiuf
  5141 | D:7      | Found a shimmering altar of Xom.
  5142 | D:7      | Found a snail-covered altar of Cheibriados.
  5156 | D:7      | Found a basalt altar of Yredelemnul.
  5252 | D:7      | Found a bloodstained altar of Trog.
  5473 | D:7      | Reached skill level 1 in Maces & Flails
  5502 | D:7      | Reached skill level 9 in Axes
  5560 | D:7      | Found a sacrificial altar of Ru.
  5625 | D:7      | Noticed a komodo dragon
  5637 | D:7      | Killed a komodo dragon
  5638 | D:7      | Reached XP level 10. HP: 34/68 MP: 10/10
  5959 | D:7      | Found a shimmering blue altar of Sif Muna.
  6033 | D:8      | Reached skill level 5 in Shields
  6156 | D:8      | You fall into a shaft and drop 2 floors!
  6156 | D:10     | Entered Level 10 of the Dungeon
  6326 | D:10     | Found a sparkling altar of Nemelex Xobeh.
  6553 | D:10     | Noticed Psyche
  6572 | D:10     | Found a broken altar of Ashenzari.
  6631 | D:10     | Found a hazy altar of Hepliaklqana.
  6919 | D:10     | Killed Psyche
  6970 | D:10     | Reached skill level 5 in Maces & Flails
  7120 | D:10     | Reached XP level 11. HP: 21/74 MP: 11/11
  7232 | D:9      | You fall into a shaft and drop 3 floors!
  7232 | D:12     | Noticed a cyclops
  7324 | D:12     | Noticed Josephine
  7504 | D:11     | Identified the +8 war axe "Uraruxting" {vorpal, +Blink
                  | Int+2}
  7599 | D:11     | Reached skill level 1 in Evocations
  7614 | D:11     | Noticed a two-headed ogre
  7631 | D:11     | Killed from afar by an orc priest

Illustrated notes

Levels and vault maps discovered:
D:1:      arrival_aquarium_b, layout_loops_ring,
          shapermc_ecumenical_altar_starsandcircs
D:2:      layout_basic, serial_shops, shop, shop, shop, shop,
          nicolae_square_shop, uniq_robin
D:3:      layout_loops_corners, serial_shops, nicolae_shop_stone
D:4:      layout_basic, tso_oasis_becter, jmf_multi_god_temple2,
          minmay_temple_entry_proselytizer, minmay_misc_feat_roman,
          kennysheep_big_empty_room, uniq_duvessa
D:5:      layout_basic
D:6:      cheibrodos_helix_gallery, layout_cave_pools,
          kennysheep_generic_room_2, uniq_maggie, uniq_crazy_yiuf_cottage
D:7:      layout_loops_ring, lemuel_blue_sif_altar, trog_book,
          grunt_temple_overflow_open, general_overflow_altar, serial_glass,
          glass_columns_c, glass_columns_b
D:8:      layout_rooms, kennysheep_generic_room_14, uniq_maurice, uniq_erica,
          uniq_gastronok
D:9:      layout_basic, due_lair_maze_entry_diamond,
          minmay_orc_entry_temple_small, ebering_ghost_rock_garden, st_stairs_11
D:10:     layout_gridville, nemelex_xobeh_ov_fountains_minmay,
          nicolae_hepliaklqana_hippocampus, mainiacjoe_overflow_catwalk,
          blue_anna_alchemist, uniq_psyche
D:11:     minmay_the_grid_octo_tiled_octocenter
          [minmay_the_grid_octo_thin_diamonds, minmay_the_grid_octo_toaster,
          minmay_the_grid_octo_fat_diamond, minmay_the_grid_octo_checkerflower,
          minmay_the_grid_octo_prize_big_c, minmay_the_grid_square_5x5_three,
          minmay_the_grid_square_5x5_six,
          minmay_the_grid_square_5x5_pentomino_r,
          minmay_the_grid_square_5x5_shuriken], layout_basic
D:12:     layout_irregular_city, uniq_josephine
Temple:   compressed_dpeg_circular_temple

Skill      XL: |  1  2  3  4  5  6  7  8  9 10 11 |
---------------+----------------------------------+-----
Stealth        | 1 2 3 4 5 6 8 |  8.6
Axes           | 3 4 6 7 9 |  9.5
Dodging        | 4 5 6 7 |  7.9
Fighting       | 4 5 6 7 |  7.2
Throwing       | 1 2 |  2.9
Shields        | 4 5 |  5.4
Maces & Flails | 2 6 7 |  7.0
Evocations     | 1 |  1.0

Action                   |  1- 3 |  4- 6 |  7- 9 | 10-12 || total
-------------------------+-------+-------+-------+-------++-------
Melee: War axe           |    39 |    54 |   161 |    34 ||   288
       Constrict         |     9 |    15 |    33 |    16 ||    73
       Tentacles         |     3 |    11 |    39 |    42 ||    95
       Mace              |       |       |    44 |   143 ||   187
Throw: Dart              |       |     7 |    18 |       ||    25
Invok: Potion Petition   |       |       |       |     1 ||     1
Evoke: Wand              |       |       |       |     7 ||     7
  Use: Scroll            |     3 |     5 |     7 |     7 ||    22
       Potion            |     1 |       |     2 |     3 ||     6
 Stab: Sleeping          |     2 |     3 |    10 |     6 ||    21
       Distracted        |       |       |       |     3 ||     3
Armor: Skin              |    14 |    22 |    71 |    33 ||   140
Dodge: Dodged            |    46 |    40 |   124 |   128 ||   338
Block: Buckler           |     7 |    15 |    75 |    46 ||   143

Table legend: (Time is in decaauts)
 A = Elapsed time spent in this place.
 B = Non-inter-level travel time spent in this place.
 C = Inter-level travel time spent in this place.
 D = Time resting spent in this place.
 E = Time spent auto-exploring this place.
 F = Levels seen in this place.
 G = Mean time per level.
                   A        B        C        D        E       F      G
               +--------+--------+--------+--------+--------+-----+--------+
         Total |   7672 |   7672 |      0 |    282 |      0 |  13 |  590.2 |
       Dungeon |   7467 |   7467 |      0 |    282 |      0 |  12 |  622.2 |
        Temple |    204 |    204 |      0 |      0 |      0 |   1 |  204.0 |
               +--------+--------+--------+--------+--------+-----+--------+

Top non-repeatable levels by time:
     D:4: 1082 daAuts
    D:10: 1045 daAuts
     D:3: 947 daAuts
     D:7: 907 daAuts
     D:2: 863 daAuts
     D:1: 745 daAuts
     D:6: 721 daAuts
     D:5: 637 daAuts
    D:12: 226 daAuts
  Temple: 204 daAuts
    D:11: 150 daAuts
     D:8: 129 daAuts
     D:9: 11 daAuts
